 Dungeon Crawl Stone Soup version 0.30-a0-739-gea05faddec (webtiles) character file.

Game seed: 10235154715295323478

19 Leeroy the Grasshopper (level 2, -3/15 HPs)
             Began as a Vine Stalker Warper on Feb 4, 2023.
             Slain by a gnoll
             ... wielding a +0 flail
              (9 damage)
             ... on level 2 of the Dungeon.
             The game lasted 00:01:17 (724 turns).

Leeroy the Grasshopper (Vine Stalker Warper)         Turns: 724, Time: 00:01:18

Health: -3/15      AC:  8    Str: 13    XL:     2   Next: 75%
Magic:  0/6        EV:  3    Int: 13    God:
Gold:   36         SH:  0    Dex: 13    Spells: 5/5 levels left

rFire   . . .      SeeInvis .    a - +0 falchion
rCold   . . .      Faith    .    (no shield)
rNeg    . . .      Spirit   +    g - +0 chain mail
rPois   .          Reflect  .    (no helmet)
rElec   .          Harm     .    (no cloak)
rCorr   .          Rampage  .    (no gloves)
Will    .....                    (no boots) Stlth
                                 (no amulet)
HPRegen 0.22/turn                (no ring)
MPRegen 0.10/turn                (no ring)

@: held
A: fangs 2, magic shield, antimagic bite, no potion heal 2
a: no special abilities


You were on level 2 of the Dungeon.
You visited 1 branch of the dungeon, and saw 2 of its levels.

You collected 36 gold pieces.

Inventory:

Hand Weapons
 a - a +0 falchion (weapon)
Missiles
 d - 7 boomerangs of dispersal (quivered)
Armour
 b - a +0 leather armour
 g - a +0 chain mail (worn)
Scrolls
 c - a scroll of blinking
 e - a scroll of enchant armour {unknown}
 f - a scroll of silence {unknown}
 i - a scroll of teleportation {unknown}
 j - a scroll of fog {unknown}
Potions
 h - a potion of lignification {unknown}
 k - a potion of flight {unknown}
 l - a potion of resistance {unknown}


   Skills:
 - Level 1.7 Fighting
 - Level 2.3 Long Blades
 - Level 0.8 Throwing
 + Level 1.6 Armour
 - Level 1.5 Dodging
 - Level 2.1 Spellcasting
 - Level 3.0 Translocations


You had 5 spell levels left.
You didn't know any spells.
Your spell library contained the following spells:

 Spells                   Type           Power      Damage    Failure   Level
 Blink                    Tloc           18%        N/A       98%         2
 Lesser Beckoning         Tloc           18%        N/A       98%         2
 Teleport Other           Tloc           9%         N/A       100%        3
 Vhi's Electric Charge    Tloc/Air       10%        N/A       100%        3
 Manifold Assault         Tloc           9%         N/A       100%        4


Dungeon Overview and Level Annotations

Branches:
Dungeon (2/15)

Altars:


Innate Abilities, Weirdness & Mutations

You have extremely sharp teeth.
When hurt, damage is shared between your health and your magic reserves.
Your bite disrupts and absorbs the magic of your enemies.
Potions cannot restore your health.


Message History

You kill the rat!
No target in view!
No target in view!
No target in view!
No target in view!
No target in view!
You open the door.
A rat comes into view.
A rat is nearby!
You hit the rat.
You kill the rat!
No target in view!
No target in view!
Done exploring.
No target in view!
Done exploring.
Done exploring.
You see here a frilled lizard skeleton.
There is a stone staircase leading down here.
You climb downwards.
The ball python hisses angrily.
The gnoll shouts! x3
Found two hand axes.
There is a stone staircase leading up here.
There are monsters nearby!
The gnoll throws a throwing net.
The throwing net hits you.
You become entangled in the net!
The gnoll hits you with a +0 spear.
There is a stone staircase leading up here.
You see here a throwing net.
You tear a large gash into the net.
An adder comes into view.
The gnoll hits you with a +0 spear.
You struggle against the net.
The adder hisses angrily.
The gnoll hits you but does no damage. The gnoll hits you with a +0 spear.
The gnoll hits you but does no damage.
Unknown command.
You struggle against the net.
The rat completely misses you. The gnoll hits you with a +4 flail.
The gnoll hits you with a +0 flail!
Ouch! That really hurt!
You die...

.......... ..
...#.....) .S
.........##.###
..#)..........
........#.#
#...S....#
##..ggg.#
###....@r.#
.........##
.........#
..###.#### .
... .### #


You could see 3 gnolls, an adder, a ball python and a rat.

Vanquished Creatures
  A dart slug (D:1)
  A giant cockroach (D:1)
  2 hobgoblins (D:1)
  A quokka (D:1)
  A bat (D:1)
  A frilled lizard (D:1)
  3 kobolds (D:1)
  10 rats (D:1)
20 creatures vanquished.

Notes
Turn   | Place    | Note
-------+----------+-------------------------------------------
     0 | D:1      | Leeroy the Vine Stalker Warper began the quest for the Orb.
     0 | D:1      | Reached XP level 1. HP: 11/11 MP: 4/4
   242 | D:1      | Reached XP level 2. HP: 12/15 MP: 6/6
   261 | D:1      | Reached skill level 1 in Armour
   724 | D:2      | Slain by a gnoll

Illustrated notes

Levels and vault maps discovered:
D:1:      onia_arrival_mini_spirals, layout_loops_ring, minmay_rat_gold_closets
D:2:      layout_rooms, uniq_natasha

Skill      XL: |  1  2 |
---------------+-------+-----
Long Blades    | 2 |  2.3
Armour         | 1 |  1.6
Fighting       | |  1.7
Throwing       | |  0.8
Dodging        | |  1.5
Spellcasting   | |  2.1
Translocations | |  3.0

Action                     || total
---------------------------++-------
  Melee: Falchion          ||    49
         Bite              ||     7
   Stab: Sleeping          ||     1
 Armour: Chain mail        ||    20
         Leather armour    ||     2
  Dodge: Dodged            ||    16

Table legend: (Time is in decaauts)
 A = Elapsed time spent in this place.
 B = Non-inter-level travel time spent in this place.
 C = Inter-level travel time spent in this place.
 D = Time resting spent in this place.
 E = Time spent auto-exploring this place.
 F = Levels seen in this place.
 G = Mean time per level.
                   A        B        C        D        E       F      G
               +--------+--------+--------+--------+--------+-----+--------+
         Total |    732 |    693 |     39 |      0 |    560 |   2 |  366.0 |
       Dungeon |    732 |    693 |     39 |      0 |    560 |   2 |  366.0 |
               +--------+--------+--------+--------+--------+-----+--------+

Top non-repeatable levels by time:
     D:1: 727 daAuts
     D:2: 5 daAuts
